Map: Terraform LE (Void)

Players

Kelazhur

  • Race: Terran Terran
  • League: Gold

Fenna (fenn3r) - Winner!

  • Race: Zerg Zerg
  • League: Master

Event: ASL Season 5 Prime League LOTV Beta

VOD

Have the link to the VOD?

Description

Time

  • Played on: Sept. 7, 2015, 10:22 p.m.
  • Length: 6:20

All games in this series

Show
View Real Time Build Order
Export as new Build Order

Kelazhur Terran 

Build Orders: Reaper Expand, Hellion Banshee 

Get SALT Encoding   

  12  0:01  SCV  
  13  0:13  SCV  
  14  0:17  Supply Depot  
  14  0:25  SCV  
  15  0:39  SCV  
  15  0:40  Barracks  
  16  0:45  Refinery  
  16  0:51  SCV  
  17  1:03  SCV  
  18  1:15  SCV  
  19  1:27  Orbital Command  
  19  1:29  Reaper  
  20  1:39  Command Center  
  20  1:47  Supply Depot  
  20  1:53  SCV  
  21  1:59  Refinery  
  21  2:01  Reaper  
  21  2:06  SCV  
  23  2:18  SCV  
  24  2:35  Barracks Reactor  
  24  2:39  SCV, Factory  
  25  2:52  Orbital Command  
  25  2:58  Command Center  
  25  3:03  SCV  
  26  3:17  SCV  
  27  3:25  Starport  
  27  3:27  SCV  
  28  3:30  SCV, Hellion x2  
  28  3:32  Barracks Tech Lab  
  33  3:39  SCV  
  34  3:42  SCV  
  35  3:51  SCV  
  35  3:52  Hellion x2  
  35  3:54  SCV  
  41  4:00  Marine  
  42  4:04  SCV  
  42  4:06  SCV  
  44  4:16  SCV, Hellion x2  
  49  4:18  SCV  
  49  4:21  Banshee, Cloaking Field  
  49  4:22  Orbital Command  
  52  4:28  SCV  
  52  4:30  SCV  
  54  4:32  Supply Depot  
  54  4:33  Supply Depot  
  52  4:40  SCV  
  52  4:42  Hellion x2  
  52  4:43  SCV  
  58  4:51  SCV  
  60  4:52  SCV  
  60  4:54  Armory  
  60  4:55  SCV  
  60  4:59  Barracks Tech Lab  
  61  5:03  SCV, Barracks  
  61  5:05  SCV, Barracks  
  63  5:08  Engineering Bay x2  
  63  5:09  SCV  
  63  5:13  Bunker  
  64  5:16  Supply Depot  
  64  5:18  Marauder  
  66  5:23  SCV x2  
  66  5:24  Factory Reactor  
  66  5:25  Banshee  
  71  5:29  SCV  
  71  5:44  SCV  
  71  5:47  SCV  
  68  5:54  Marine x2  
  68  5:56  Marauder  
  68  5:57  SCV x2  
  54  6:00  SCV  
  54  6:01  Supply Depot  
Show
View Real Time Build Order
Export as new Build Order

Fenna Zerg - Winner!

Build Orders: Hatch First, Roach Nydus 

Get SALT Encoding   

  12  0:01  Drone  
  13  0:13  Overlord  
  13  0:18  Drone  
  14  0:31  Drone x2  
  14  0:35  Drone  
  17  0:52  Hatchery  
  17  0:56  Drone  
  17  0:59  Drone  
  18  1:13  Spawning Pool  
  18  1:15  Drone  
  18  1:18  Drone  
  19  1:21  Extractor  
  18  1:29  Drone  
  19  1:39  Drone  
  20  1:50  Overlord  
  20  2:00  Queen  
  22  2:05  Queen  
  22  2:06  Zergling x4  
  26  2:12  Drone  
  26  2:15  Drone  
  28  2:26  Drone x2  
  30  2:36  Spore Crawler  
  29  2:37  Drone x2  
  29  2:39  Metabolic Boost  
  31  2:46  Queen x2  
  35  2:54  Zergling x2  
  36  3:08  Drone  
  34  3:20  Drone x2  
  34  3:24  Overlord x2  
  36  3:28  Extractor x2  
  34  3:39  Drone x2  
  36  3:42  Lair  
  36  3:45  Drone x7  
  43  3:51  Drone  
  44  3:59  Overlord  
  44  4:00  Drone x3  
  47  4:06  Drone, Roach Warren  
  47  4:08  Evolution Chamber  
  46  4:12  Zergling x2  
  47  4:20  Zergling x4  
  49  4:32  Overlord  
  49  4:36  Queen  
  50  4:45  Nydus Network  
  47  4:51  Glial Reconstitution  
  47  4:52  Roach x7  
  59  5:00  Roach x3  
  65  5:11  Overlord, Queen  
  67  5:24  Nydus Canal  
  67  5:29  Queen  
  67  5:31  Roach x3  
  67  5:32  Overlord x2  
  75  5:51  Overseer  
  75  5:52  Nydus Canal  
Tags
 
Add a new tag
Caveats
  • Supply blocks, unpowered buildings, or Contaminate may cause inaccurate times.
  • Supply counts are checked every 10 seconds.